 Dungeon Crawl Stone Soup version 0.20.1-1-g8b1a95d (webtiles) character file.

3557 vineage the Blocker (level 10, -7/91 HPs)
             Began as a Gargoyle Fighter on Sept 30, 2017.
             Was a Priest of Okawaru.
             Mangled by Feta's ghost (14 damage)
             ... on level 8 of the Dungeon.
             The game lasted 00:10:32 (6533 turns).

vineage the Blocker (Gargoyle Fighter)              Turns: 6533, Time: 00:10:33

Health: -7/91      AC: 25    Str: 26    XL:     10   Next: 9%
Magic:  8/10       EV:  2    Int: 14    God:    Okawaru [***...]
Gold:   221        SH: 16    Dex: 11    Spells: 9/9 levels left

rFire    . . .     SeeInvis .   a - +1 flail
rCold    . . .     Gourm    .   c - +2 shield
rNeg     + + +     Faith    .   (armour currently unavailable)
rPois    ∞         Spirit   .   (helmet currently unavailable)
rElec    .         Reflect  .   (cloak currently unavailable)
rCorr    .         Harm     .   (gloves currently unavailable)
MR       .....     NoTele   +   (boots currently unavailable)
Stlth    ++++......             i - amulet of regeneration
Regen    0.7/turn               k - ring of poison resistance
MPRegen  0.2/turn               A - ring of stealth

@: mighty, brilliant, tree-form, heroism, berserk cooldown, slowed, very slow
A: negative energy resistance 1, petrification resistance, rot immunity, AC +7
a: Heroism, Renounce Religion


You were on level 8 of the Dungeon.
You worshipped Okawaru.
Okawaru was most pleased with you.
You were hungry.
You were a tree.
You visited 2 branches of the dungeon, and saw 9 of its levels.
You also visited: Sewer.

You collected 221 gold pieces.

Inventory:

Hand Weapons
 a - a +1 flail (weapon)
 u - a +1 dire flail of protection
Armour
 b - a +0 scale mail
 c - a +2 shield (worn)
 e - a +0 helmet (melded)
 j - a +0 pair of gloves (melded)
 o - a cursed -2 plate armour (melded)
 B - a +0 cloak (melded)
Jewellery
 i - an amulet of regeneration (around neck)
 k - a ring of poison resistance (left branch)
 A - a ring of stealth (right branch)
Wands
 t - a wand of confusion (27/48)
 y - a wand of polymorph (12/24)
 E - a wand of paralysis (11/24)
Scrolls
 g - 7 scrolls of teleportation
 l - 2 scrolls of recharging
 q - 2 scrolls of amnesia
 v - 6 scrolls of identify
 z - a scroll of enchant weapon
 C - a scroll of fog
 D - a scroll of remove curse {unknown}
Potions
 d - a potion of might
 m - a potion of degeneration
 n - 3 potions of curing
 s - 2 potions of flight
Books
 w - a book of Conjurations

   Spells                             Type                      Level
   a - Magic Dart                     Conjuration                  1
   b - Searing Ray                    Conjuration                  2
   c - Dazzling Spray                 Conjuration/Hexes            3
   d - Fulminant Prism                Conjuration/Hexes            4
   e - Force Lance                    Conjuration/Translocation    4
   f - Iskenderun's Mystic Blast      Conjuration                  4
Comestibles
 f - 5 bread rations
 h - 5 fruits


   Skills:
 + Level 6.9(11.9) Fighting
 + Level 8.9(13.9) Maces & Flails
 + Level 6.4(11.4) Armour
 + Level 1.3(6.3) Dodging
 + Level 0.2(5.2) Stealth
 + Level 9.4(14.4) Shields
 + Level 0.4 Invocations


You had 9 spell levels left.
You didn't know any spells.

Dungeon Overview and Level Annotations

Branches:
Dungeon (8/15)             Temple (1/1) D:5
   Lair: D:8-11

Altars:
Cheibriados
Elyvilon
Gozag
Hepliaklqana
Nemelex Xobeh
Okawaru
Trog
Xom
Zin

Annotations:
D:8 Feta's ghost, novice MfGl


Innate Abilities, Weirdness & Mutations

You are resistant to torment.
((Your stone body is resilient. (AC +7)))
You are immune to poison.
You resist negative energy. (rN+)
((You are resistant to electric shocks. (rElec)))
((You can survive without breathing.))
You are immune to petrification.
You are immune to rotting.


Message History

It was a potion of lignification.
You turn into a tree.
Your +0 cloak melds into your body.
Your +0 helmet melds into your body.
Your +0 pair of gloves melds into your body.
Your cursed -2 plate armour melds into your body.
Your roots penetrate the ground.
Feta's ghost hits you but does no damage.
You gain the combat prowess of a mighty hero.
You block Feta's ghost's attack.
Feta's ghost hits you but does no damage.
You hit Feta's ghost.
Feta's ghost is severely damaged.
Feta's ghost hits you but does no damage.
You thump Feta's ghost!
Feta's ghost is severely damaged.
Feta's ghost hits you!
* * * LOW HITPOINT WARNING * * *
You miss Feta's ghost.
Feta's ghost is severely damaged.
Feta's ghost hits you!
You die...

.... ###### .....
......### ......
........# ....#
......#W### #..# # #
.......♣..###..###..
#
....####.......#..#
# . ####...÷.# #
##....##### ##
##.....##..####.
#..#............
####............
#.#.........#
.......###...(


You could see Feta's ghost.

Vanquished Creatures
  Erica (D:8)
  Sigmund (D:3)
  A hungry ghost (D:7)
  Edmund (D:5)
  A black bear (D:7)
  3 orc warriors
  A necrophage (D:7)
  2 phantoms
  3 ogres
  3 centaurs
  2 big kobolds (D:7)
  4 bullfrogs
  A scorpion (D:5)
  3 crimson imps
  A centaur zombie (D:7)
  A bullfrog zombie (D:7)
  A hound (D:6)
  Crazy Yiuf (D:5)
  3 orc priests
  A jelly (D:5)
  2 orc wizards
  2 iguanas
  A bullfrog skeleton (D:7)
  Ijyb (D:5)
  2 worker ants (D:4)
  A howler monkey skeleton (D:4)
  6 river rats (Sewer)
  10 adders
  A shadow imp (D:6)
  2 oozes
  3 worms
  A dart slug (D:1)
  5 leopard geckos
  21 orcs
  9 bats
  7 giant cockroaches
  3 goblins
  10 hobgoblins
  32 jackals
  4 quokkas
  6 ball pythons
  12 frilled lizards
  A jackal skeleton (D:4)
  34 kobolds
  25 rats
236 creatures vanquished.

Notes
Turn   | Place    | Note
-------+----------+-------------------------------------------
     0 | D:1      | vineage the Gargoyle Fighter began the quest for the Orb.
     0 | D:1      | Reached XP level 1. HP: 14/14 MP: 1/1
    51 | D:1      | Reached XP level 2. HP: 11/19 MP: 2/2
   186 | D:1      | Reached XP level 3. HP: 19/24 MP: 3/3
   726 | D:2      | Found a faded altar of an unknown god.
   955 | D:2      | Reached XP level 4. HP: 29/29 MP: 4/4
  1333 | D:3      | Found a glowing drain.
  1351 | D:3      | Reached skill level 4 in Shields
  1356 | Sewer    | Entered a sewer
  1530 | Sewer    | Reached XP level 5. HP: 26/33 MP: 5/5
  2059 | D:3      | Found a shimmering altar of Xom.
  2060 | D:3      | Found a hazy altar of Hepliaklqana.
  2061 | D:3      | Noticed a spectral ugly thing
  2211 | D:3      | Reached XP level 6. HP: 38/38 MP: 6/6
  2334 | D:3      | Found a snail-covered altar of Cheibriados.
  2418 | D:3      | Noticed Sigmund
  2455 | D:3      | Killed Sigmund
  2455 | D:3      | Reached skill level 5 in Shields
  3195 | D:4      | Reached XP level 7. HP: 44/44 MP: 7/7
  3648 | D:5      | Entered Level 5 of the Dungeon
  3656 | D:5      | Reached skill level 6 in Shields
  3704 | D:5      | HP: 2/44 [orc warrior/war axe (6)]
  3708 | D:5      | Reached skill level 1 in Dodging
  3730 | D:5      | Found a staircase to the Ecumenical Temple.
  3738 | D:5      | Noticed Edmund
  3751 | D:5      | Killed Edmund
  3751 | D:5      | Reached skill level 5 in Fighting
  3751 | D:5      | Reached skill level 5 in Maces & Flails
  3812 | Temple   | Entered the Ecumenical Temple
  3853 | Temple   | Became a worshipper of Warmaster Okawaru
  4017 | D:5      | Noticed Ijyb
  4030 | D:5      | Reached XP level 8. HP: 49/49 MP: 8/8
  4044 | D:5      | Killed Ijyb
  4263 | D:5      | Reached skill level 5 in Armour
  4265 | D:5      | Found a sparkling altar of Nemelex Xobeh.
  4373 | D:5      | Found a runed door.
  4492 | D:5      | Noticed Crazy Yiuf
  4500 | D:5      | Killed Crazy Yiuf
  4665 | D:6      | Reached * piety under Okawaru
  4806 | D:6      | Reached skill level 7 in Shields
  4983 | D:6      | Found a glowing silver altar of Zin.
  5036 | D:6      | Found a bloodstained altar of Trog.
  5409 | D:7      | Reached XP level 9. HP: 45/55 MP: 9/9
  5426 | D:7      | Reached ** piety under Okawaru
  5506 | D:7      | Reached skill level 8 in Shields
  5601 | D:7      | Found a white marble altar of Elyvilon.
  6214 | D:7      | Reached *** piety under Okawaru
  6470 | D:8      | Noticed Erica
  6502 | D:8      | Noticed Feta's ghost (novice MfGl)
  6506 | D:8      | Killed Erica
  6506 | D:8      | Reached skill level 9 in Shields
  6506 | D:8      | Reached XP level 10. HP: 42/61 MP: 10/10
  6533 | D:8      | Mangled by Feta's ghost

Skill      XL: |  1  2  3  4  5  6  7  8  9 |
---------------+----------------------------+-----
Fighting       | 4 5 6 |  6.9
Maces & Flails | 3 5 6 8 |  8.9
Shields        | 4 5 6 7 9 |  9.4
Armour         | 4 5 6 |  6.4
Dodging        | 1 |  1.3
Stealth        | |  0.2
Invocations    | |  0.4

Action                   |  1- 3 |  4- 6 |  7- 9 | 10-12 || total
-------------------------+-------+-------+-------+-------++-------
Melee: Flail             |   168 |   501 |   614 |    17 ||  1300
Invok: Heroism           |       |       |     1 |     1 ||     2
  Use: Scroll            |     6 |     4 |     7 |       ||    17
       Potion            |       |     1 |    10 |     6 ||    17
 Stab: Distracted        |       |       |     1 |       ||     1
  Eat: Chunk             |       |     9 |     9 |       ||    18
       Fruit             |       |       |     3 |       ||     3
       Royal jelly       |       |       |     2 |       ||     2
       Meat ration       |       |       |     1 |       ||     1
Armor: Scale mail        |    88 |       |       |       ||    88
       Plate armour      |    37 |   646 |   329 |     9 ||  1021
       Skin              |       |       |       |     3 ||     3
Dodge: Dodged            |    50 |   127 |    94 |     1 ||   272
Block: Shield            |   104 |   452 |   418 |     9 ||   983
